 Dungeon Crawl Stone Soup version 0.20.1-1-g8b1a95d (webtiles) character file.

166 vatarom the Gusty (level 5, -3/30 HPs)
             Began as a Tengu Air Elementalist on Oct 18, 2017.
             Slain by an orc
             ... wielding a +0 hand axe
              (6 damage)
             ... on level 3 of the Dungeon.
             The game lasted 00:05:00 (2061 turns).

vatarom the Gusty (Tengu Air Elementalist)          Turns: 2061, Time: 00:05:00

Health: -3/30      AC:  3    Str: 13    XL:     5   Next: 47%
Magic:  4/10       EV: 15    Int: 17    God:
Gold:   83         SH:  0    Dex: 14    Spells: 0/10 levels left

rFire    + . .     SeeInvis .   f - +2 morningstar (crush)
rCold    + . .     Gourm    .   (no shield)
rNeg     . . .     Faith    .   a - +0 robe
rPois    +         Spirit   .   (helmet restricted)
rElec    +         Reflect  .   (no cloak)
rCorr    +         Harm     .   i - +0 pair of gloves
MR       .....                  (boots unavailable)
Stlth    ++........             (no amulet)
Regen    0.1/turn               (no ring)
MPRegen  0.2/turn               (no ring)

@: mighty, resistant, flying quickly and evasively, quick
A: beak, talons 3, able to fly 1
a: no special abilities


You were on level 3 of the Dungeon.
You were not hungry.

You visited 1 branch of the dungeon, and saw 3 of its levels.

You collected 83 gold pieces.

Inventory:

Hand Weapons
 f - a +2 morningstar of crushing (weapon)
Armour
 a - a +0 robe (worn)
 i - a +0 pair of gloves (worn)
Jewellery
 j - an uncursed ring of protection from cold {unknown}
Scrolls
 k - a scroll of remove curse {unknown}
Potions
 g - a potion of brilliance
Books
 b - a book of Air

   Spells                             Type                      Level
   a - Shock                          Conjuration/Air              1
   b - Swiftness                      Charms/Air                   2
   c - Static Discharge               Conjuration/Air              3
   d - Airstrike                      Air                          4
   e - Lightning Bolt                 Conjuration/Air              5
Comestibles
 c - a bread ration
 d - a royal jelly
 l - 6 chunks of flesh


   Skills:
 + Level 1.7 Fighting
 - Level 2.1 Dodging
 - Level 2.0 Stealth
 * Level 3.1 Spellcasting
 + Level 3.3 Conjurations
 * Level 5.5 Air Magic


You couldn't memorise any spells.
You knew the following spells:

 Your Spells              Type           Power        Failure   Level  Hunger
a - Shock                 Conj/Air       ###.         2%          1    None
b - Swiftness             Chrm/Air       ##......     9%          2    ##.....
c - Static Discharge      Conj/Air       ###.....     9%          3    ###....
d - Airstrike             Air            ###.......   17%         4    ####...


Dungeon Overview and Level Annotations

Branches:
Dungeon (3/15)

Altars:
Dithmenos


Innate Abilities, Weirdness & Mutations

You have a beak for a mouth.
You have claws for feet.
You can fly.


Message History

Aiming: Shock
Press: ? - help, Shift-Dir - straight line, f/p - orc priest
Aim: an orc priest, wielding a club and wearing a scale mail (lightly wounded)
The zap misses the orc priest.
The orc priest hits you with a club.
* * * LOW HITPOINT WARNING * * *
An orc comes into view. It is wielding a flail.
It was a potion of resistance.
You feel protected.
The orc priest casts a cantrip, but nothing happens.
It was a potion of might.
You feel very mighty all of a sudden. The orc priest closely misses you.
It was a potion of flight.
You feel very buoyant.
You swoop lightly up into the air.
The orc shouts!
You hear a shout!
The orc priest hits you with a club.
* * * LOW HITPOINT WARNING * * *
The orc hits you with a hand axe.
You die...

.#.## #.# #.# #.# #.
...#####.########## .# #.#
#. .......<........... #.
...#####.....######### #.
#### #.###.#........ #. #.#
#.......... #. #### #..
###.###### #. ...# #.#
#.##...# #. ##.#####.#.#
#..@o# ##.
.......#.#.######oo.# #..
...)........# #.## #.#
##.###..##..# .# #.# #.#
#..##..### . #.# #.#
#..#.....# ## #.#
##.###...†..#.# #.#
#..(....).....# #.#
...###......#.##########.##
#.#


You could see an orc priest and 2 orcs.

Vanquished Creatures
  2 orc priests (D:3)
  3 adders
  3 oozes (D:3)
  A worm (D:2)
  15 orcs (D:3)
  4 giant cockroaches
  5 goblins
  2 jackals (D:3)
  A quokka (D:2)
  A ball python (D:2)
  5 bats
  5 frilled lizards
  3 kobolds (D:3)
  5 rats
55 creatures vanquished.

Notes
Turn   | Place    | Note
-------+----------+-------------------------------------------
     0 | D:1      | vatarom the Tengu Air Elementalist began the quest for the Orb.
     0 | D:1      | Reached XP level 1. HP: 10/10 MP: 4/4
   338 | D:1      | You fall through a shaft!
   339 | D:2      | Reached XP level 2. HP: 16/16 MP: 4/6
   510 | D:2      | Learned a level 2 spell: Swiftness
   510 | D:2      | Reached XP level 3. HP: 9/20 MP: 4/7
   520 | D:2      | Learned a level 3 spell: Static Discharge
  1402 | D:3      | Reached skill level 1 in Fighting
  1529 | D:3      | Reached XP level 4. HP: 25/25 MP: 4/8
  1536 | D:3      | Reached skill level 5 in Air Magic
  1588 | D:3      | Found a shadowy altar of Dithmenos.
  1683 | D:3      | Gained mutation: You can fly. [Tengu growth]
  1683 | D:3      | Reached XP level 5. HP: 29/29 MP: 7/10
  1692 | D:3      | Learned a level 4 spell: Airstrike
  2061 | D:3      | Slain by an orc

Skill      XL: |  1  2  3  4 |
---------------+-------------+-----
Conjurations   | 2 3 |  3.3
Fighting       | 1 |  1.7
Air Magic      | 5 |  5.5
Spellcasting   | 3 |  3.1
Dodging        | |  2.1
Stealth        | |  2.0

Action                   |  1- 3 |  4- 6 || total
-------------------------+-------+-------++-------
Melee: Unarmed           |     6 |       ||     6
       Kick              |     8 |     4 ||    12
       Hand axe          |    14 |       ||    14
       Peck              |     3 |     3 ||     6
       Morningstar       |    17 |    25 ||    42
 Cast: Shock             |    49 |    36 ||    85
  Use: Scroll            |     4 |       ||     4
       Potion            |       |     3 ||     3
 Stab: Sleeping          |     1 |     1 ||     2
       Distracted        |       |     1 ||     1
  Eat: Chunk             |     2 |     2 ||     4
Armor: Robe              |    12 |    12 ||    24
Dodge: Dodged            |    35 |    33 ||    68
